 Dungeon Sprint DCSS version 0.30-a0-469-g84de5afbc5 (webtiles) character file.

Game seed: 12280726886914057776

6200000 NinjaNoafa the Conqueror (level 27, -36/228 HPs)
             Began as a Djinni Warper on Dec 20, 2022.
             Was the Champion of Makhleb.
             Annihilated by The Captor
             ... wielding a +9 vorpal triple sword
              (122 damage)
             ... in the Dungeon (Sprint VIII: "Arena of Blood").
             The game lasted 00:01:47 (62 turns).

NinjaNoafa the Conqueror (Djinni Warper)              Turns: 62, Time: 00:01:48

Health: -36/228    AC:  6    Str: 10    XL:     27
Gold:   0          EV: 38    Int: 15    God:    Makhleb [******] SH:  0 Dex: 27

rFire   + + .      SeeInvis .    i - +∞ Axe of Woe
rCold   x . .      Faith    .    (shield currently unavailable)
rNeg    . . .      Spirit   .    b - +0 leather armour
rPois   ∞          Reflect  .    (no helmet)
rElec   .          Harm     .    (no cloak)
rCorr   .          Rampage  .    (no gloves)
Will    ++...      NoTele   +    (boots unavailable)
Stlth   ++++++++++               (no amulet)
HPRegen 0.58/turn                (no ring)
MPRegen 0.00/turn                (no ring)

@: flying, slowed, very slow
A: sickness immunity, fire resistance 2, cold vulnerability 1, float, innate
caster, HP casting, extra vitality 1
a: Renounce Religion, Minor Destruction, Lesser Servant of Makhleb, Major
Destruction, Greater Servant of Makhleb


You were in the Dungeon.
You worshipped Makhleb.
Makhleb was exalted by your worship.
You visited 1 branch

Inventory:

Hand Weapons
 a - a +0 hand axe
 i - the +∞ Axe of Woe (weapon)
   (You found it in the Dungeon)
Missiles
 d - 7 boomerangs of dispersal (quivered)
Armour
 b - a +0 leather armour (worn)
Scrolls
 c - 2 scrolls of blinking
Potions
 e - a potion of curing
 f - a potion of heal wounds
 g - a potion of haste
 h - a potion of berserk rage


   Skills:
 O Level 27 Fighting
 + Level 24.4(27) Short Blades
 + Level 24.4(27) Long Blades
 O Level 27 Axes
 + Level 22.6(27) Maces & Flails
 + Level 22.6(27) Polearms
 + Level 24.4(27) Staves
 + Level 22.6 Ranged Weapons
 + Level 22.6 Throwing
 O Level 27 Armour
 O Level 27 Dodging
 O Level 27 Stealth
 + Level 26.3 Shields
 + Level 26.3 Unarmed Combat
 O Level 27 Spellcasting
 O Level 27 Invocations
 + Level 26.3 Evocations


You couldn't memorise any spells.
You knew the following spells:

 Your Spells              Type           Power      Damage    Failure   Level
a - Blink                 Tloc           100%       N/A       0%          2
b - Lesser Beckoning      Tloc           100%       N/A       0%          3
c - Vhi's Electric Charg  Tloc/Air       100%       N/A       0%          3
d - Teleport Other        Tloc           79%        N/A       0%          3
e - Manifold Assault      Tloc           79%        N/A       0%          4
f - Kiss of Death         Conj/Necr      100%       2d13      0%          1
g - Ensorcelled Hibernat  Hex/Ice        100%       N/A       0%          2
h - Ignite Poison         Fire/Tmut/Pois 79%        N/A       0%          3
i - Fulminant Prism       Conj/Hex       39%        3d18      0%          4
j - Summon Ice Beast      Ice/Summ       79%        N/A       0%          4
k - Metabolic Englaciati  Hex/Ice        39%        N/A       0%          5
l - Starburst             Conj/Fire      39%        6d11      0%          6
m - Haunt                 Necr/Summ      39%        N/A       1%          7
n - Ozocubu's Refrigerat  Ice            39%        4d16      1%          7
o - Summon Horrible Thin  Summ           39%        N/A       1%          8
p - Summon Hydra          Summ           39%        N/A       1%          7
q - Ignition              Fire           39%        3d12      1%          8
r - Death's Door          Necr           39%        N/A       3%          9
Your spell library was empty.

Dungeon Overview and Level Annotations

Branches:
Dungeon (1/1)

Altars:
Makhleb

Annotations:
D The Captor


Innate Abilities, Weirdness & Mutations

You are immune to sickness and miasma.
You are immune to poison.
Your flesh is very heat resistant. (rF++)
You are vulnerable to cold. (rC-)
You float through the air rather than walking.
You learn spells naturally, not from books.
Your magical power is your life essence.
You have superior vitality. (+4 MHP)


Message History

Your tentacled monstrosity tentacle-slaps the meat berserker! x3
Your tentacled monstrosity barely misses the meat berserker.
The meat berserker hits your tentacled monstrosity with a +9 battleaxe!!!
The accursed gestures at you while chanting.
Something smites you!
The meat berserker hits you with a +9 battleaxe!!!!
You hear a shout! x2
The accursed gestures at you while chanting.
Something smites you!
* * * LOW HITPOINT WARNING * * *
A meat berserker comes into view. It is wielding a +9 battleaxe.
You hear a shout!
Your base Short Blades skill gained 2 levels and is now at level 24!
Your base Long Blades skill gained 2 levels and is now at level 24!
Your base Maces & Flails skill increases to level 22!
Your base Polearms skill increases to level 22!
Your base Staves skill gained 2 levels and is now at level 24!
Your Ranged Weapons skill increases to level 22!
Your Throwing skill increases to level 22!
Your Shields skill gained 2 levels and is now at level 26!
Your Unarmed Combat skill gained 2 levels and is now at level 26!
Your Evocations skill gained 2 levels and is now at level 26!
You hit the meat berserker.
You hew the meat berserker savagely.
You kill the meat berserker!
Makhleb accepts your kill.
You feel better.
A meat berserker comes into view. It is wielding a +9 battleaxe.
You hear a shout! x4
Your tentacled monstrosity tentacle-slaps the meat berserker! x2
Your tentacled monstrosity tentacle-slaps the meat berserker but does no damage.
Your tentacled monstrosity barely misses the meat berserker.
The meat berserker hits your tentacled monstrosity with a +9 battleaxe!!!
Your tentacled monstrosity dies!
Your tentacled monstrosity disappears in a puff of smoke!
You hear a shout! x3
The accursed casts a spell at you. Something smites you!
The Captor hits you with a +9 vorpal triple sword!!!!
Ouch! That really hurt!
You die...

.###..).)).###.)..
#.....))#......
.#.....oO#......
)..))))o.).)..).
.....).MM)...#.
.......)).).#...
.)))..oO))##)...
#..oz§§O@#).....
..)...)@.#...###
#.#.O..).......
.......).......
...#.....####..
.......... O
...........
.....=.....
############


You could see 2 accurseds, a sculptor of flesh, 5 meat berserkers, The Captor
(fast) and 4 bags of meat.

Vanquished Creatures
  A hell beast (D)
  2 royal mummies (D)
  5 vampire knights (D)
  24 ogres (D)
  5 two-headed ogres (D)
  A lich (D)
  A hydra (D)
  28 orcs (D)
  4 skeletal warriors (D)
71 creatures vanquished.

Notes
Turn   | Place    | Note
-------+----------+-------------------------------------------
     0 | D        | Found the +∞ Axe of Woe
     0 | D        | NinjaNoafa the Djinni Warper began the quest for the Orb.
     0 | D        | NinjaNoafa set off with the following spells memorised:
                  | Blink, Lesser Beckoning, Vhi's Electric Charge, Teleport
                  | Other, Manifold Assault.
     0 | D        | Reached XP level 1. HP: 18/18 MP: 0/0
     2 | D        | Noticed a bag of meat
     4 | D        | Became a worshipper of Makhleb the Destroyer
     6 | D        | Noticed a bag of meat
     9 | D        | Killed a bag of meat
    10 | D        | Reached skill level 10 in Dodging
    10 | D        | Reached XP level 2. HP: 40/40 MP: 0/0
    10 | D        | Reached XP level 3. HP: 45/45 MP: 0/0
    10 | D        | Learned a level 1 spell: Kiss of Death
    10 | D        | Reached XP level 4. HP: 51/51 MP: 0/0
    10 | D        | Reached XP level 5. HP: 57/57 MP: 0/0
    10 | D        | Learned a level 2 spell: Ensorcelled Hibernation
    10 | D        | Reached XP level 6. HP: 63/63 MP: 0/0
    10 | D        | Reached XP level 7. HP: 68/68 MP: 0/0
    10 | D        | Learned a level 3 spell: Ignite Poison
    10 | D        | Reached XP level 8. HP: 75/75 MP: 0/0
    10 | D        | Reached XP level 9. HP: 80/80 MP: 0/0
    10 | D        | Learned a level 4 spell: Fulminant Prism
    10 | D        | Reached XP level 10. HP: 86/86 MP: 0/0
    10 | D        | Reached XP level 11. HP: 92/92 MP: 0/0
    10 | D        | Learned a level 4 spell: Summon Ice Beast
    10 | D        | Killed a bag of meat
    10 | D        | Reached * piety under Makhleb
    10 | D        | Noticed a meat berserker
    11 | D        | Reached skill level 15 in Fighting
    11 | D        | Reached skill level 10 in Armour
    11 | D        | Reached skill level 10 in Invocations
    11 | D        | Reached XP level 12. HP: 99/103 MP: 0/0
    11 | D        | Noticed a bag of meat
    11 | D        | Killed a meat berserker
    11 | D        | Killed a bag of meat
    11 | D        | Noticed a meat berserker
    12 | D        | Reached skill level 15 in Axes
    12 | D        | Reached skill level 10 in Spellcasting
    12 | D        | Reached XP level 13. HP: 115/115 MP: 0/0
    12 | D        | Learned a level 5 spell: Metabolic Englaciation
    12 | D        | Reached XP level 14. HP: 121/121 MP: 0/0
    12 | D        | Killed a meat berserker
    12 | D        | Reached ** piety under Makhleb
    12 | D        | Noticed a bag of meat
    13 | D        | Reached skill level 15 in Dodging
    13 | D        | Noticed a bag of meat
    14 | D        | Noticed a meat berserker
    14 | D        | Noticed a bag of meat
    16 | D        | Killed a bag of meat
    16 | D        | Killed a meat berserker
    16 | D        | Killed a bag of meat
    16 | D        | Reached *** piety under Makhleb
    16 | D        | Noticed a bag of meat
    16 | D        | Noticed a bag of meat
    16 | D        | Noticed a bag of meat
    17 | D        | Reached XP level 15. HP: 137/137 MP: 0/0
    17 | D        | Learned a level 6 spell: Starburst
    17 | D        | Noticed a meat berserker
    18 | D        | Killed a meat berserker
    18 | D        | Reached **** piety under Makhleb
    18 | D        | Noticed a meat berserker
    18 | D        | Noticed a meat berserker
    19 | D        | Reached XP level 16. HP: 148/148 MP: 0/0
    20 | D        | Killed a meat berserker
    21 | D        | Reached skill level 15 in Spellcasting
    21 | D        | Reached XP level 17. HP: 157/157 MP: 0/0
    21 | D        | Learned a level 7 spell: Haunt
    21 | D        | Noticed a large bag of meat
    22 | D        | Noticed a destroyer
    22 | D        | Noticed a destroyer
    23 | D        | Killed a meat berserker
    23 | D        | Reached ***** piety under Makhleb
    23 | D        | Killed a large bag of meat
    23 | D        | Killed a destroyer
    24 | D        | Reached skill level 27 in Fighting
    24 | D        | Reached XP level 18. HP: 167/167 MP: 0/0
    24 | D        | Killed a destroyer
    24 | D        | Noticed a meat berserker
    24 | D        | Noticed a large bag of meat
    24 | D        | Noticed a meat berserker
    25 | D        | Reached skill level 27 in Axes
    25 | D        | Reached XP level 19. HP: 174/174 MP: 0/0
    25 | D        | Learned a level 7 spell: Ozocubu's Refrigeration
    25 | D        | Killed a meat berserker
    25 | D        | Killed a meat berserker
    25 | D        | Reached ****** piety under Makhleb
    26 | D        | Reached skill level 27 in Dodging
    26 | D        | Reached XP level 20. HP: 181/181 MP: 0/0
    26 | D        | Killed a large bag of meat
    27 | D        | Reached skill level 27 in Armour
    27 | D        | Reached skill level 27 in Invocations
    27 | D        | Noticed a meat berserker
    27 | D        | Noticed a large bag of meat
    28 | D        | Noticed a large bag of meat
    28 | D        | Noticed a meat berserker
    29 | D        | Killed a meat berserker
    29 | D        | Killed a meat berserker
    30 | D        | Reached skill level 27 in Spellcasting
    30 | D        | Reached XP level 21. HP: 187/187 MP: 0/0
    30 | D        | Learned a level 8 spell: Summon Horrible Things
    30 | D        | Killed a large bag of meat
    34 | D        | Killed a large bag of meat
    34 | D        | Noticed a destroyer
    34 | D        | Noticed a meat berserker
    35 | D        | Reached skill level 27 in Stealth
    35 | D        | Reached XP level 22. HP: 181/194 MP: 0/0
    35 | D        | Noticed a large bag of meat
    37 | D        | Killed a destroyer
    38 | D        | Noticed a destroyer
    38 | D        | Noticed a meat berserker
    39 | D        | Noticed a destroyer
    39 | D        | Noticed a meat berserker
    40 | D        | Noticed a meat berserker
    41 | D        | Noticed a meat berserker
    42 | D        | Killed a meat berserker
    42 | D        | Killed a destroyer
    43 | D        | Reached skill level 10 in Maces & Flails
    43 | D        | Reached skill level 10 in Polearms
    43 | D        | Reached skill level 10 in Ranged Weapons
    43 | D        | Reached skill level 10 in Throwing
    43 | D        | Reached XP level 23. HP: 111/201 MP: 0/0
    43 | D        | Learned a level 7 spell: Summon Hydra
    43 | D        | Killed a large bag of meat
    45 | D        | Killed a destroyer
    46 | D        | Reached skill level 15 in Short Blades
    46 | D        | Reached skill level 15 in Long Blades
    46 | D        | Reached skill level 15 in Staves
    46 | D        | Reached XP level 24. HP: 202/208 MP: 0/0
    46 | D        | Noticed an accursed
    47 | D        | Reached skill level 15 in Maces & Flails
    47 | D        | Reached skill level 15 in Polearms
    47 | D        | Reached skill level 15 in Ranged Weapons
    47 | D        | Reached skill level 15 in Throwing
    47 | D        | Killed an accursed
    48 | D        | Reached XP level 25. HP: 184/214 MP: 0/0
    48 | D        | Learned a level 8 spell: Ignition
    52 | D        | Noticed an accursed
    52 | D        | Killed an accursed
    52 | D        | Noticed an accursed
    53 | D        | Reached XP level 26. HP: 195/221 MP: 0/0
    53 | D        | Noticed an accursed
    54 | D        | Noticed a tyrant
    56 | D        | Noticed The Captor
    58 | D        | Noticed a meat beast
    58 | D        | Killed a tyrant
    60 | D        | Reached XP level 27. HP: 208/228 MP: 0/0
    60 | D        | Learned a level 9 spell: Death's Door
    61 | D        | Killed a meat beast
    62 | D        | Annihilated by The Captor

Illustrated notes

Levels and vault maps discovered:
D:        meatsprint

Skill      XL: |  1  2  3  4  5  6  7  8  9 10 11 12 13 14 15 16 17 18 19 20 21 22 23 24 25 26 27 |
---------------+----------------------------------------------------------------------------------+-----
Fighting       | 13 15 18 22 24 26 27 | 27.0
Axes           | 11 13 15 19 20 22 25 27 | 27.0
Armour         | 9 10 13 16 17 19 21 23 25 27 | 27.0
Dodging        | 10 12 14 17 19 20 23 24 27 | 27.0
Spellcasting   | 7 8 10 12 14 15 17 18 20 27 | 27.0
Invocations    | 9 10 13 16 17 18 21 23 25 27 | 27.0
Stealth        | 11 27 | 27.0
Short Blades   | 11 15 18 21 22 24 | 24.4
Long Blades    | 11 15 18 21 22 24 | 24.4
Maces & Flails | 10 13 17 19 21 22 | 22.6
Polearms       | 10 13 17 19 21 22 | 22.6
Staves         | 11 15 18 21 22 24 | 24.4
Ranged Weapons | 10 13 17 19 21 22 | 22.6
Throwing       | 10 13 17 19 21 22 | 22.6
Shields        | 12 16 20 22 24 26 | 26.3
Unarmed Combat | 12 16 20 22 24 26 | 26.3
Evocations     | 12 16 20 22 24 26 | 26.3

Action                   |  1- 3 |  4- 6 |  7- 9 | 10-12 | 13-15 | 16-18 | 19-21 | 22-24 | 25-27 || total
-------------------------+-------+-------+-------+-------+-------+-------+-------+-------+-------++-------
Melee: Executioner's axe |     1 |       |       |     3 |     7 |     9 |    17 |    19 |    13 ||    69
 Cast: Manifold Assault  |       |       |       |     2 |     3 |     3 |     6 |     5 |     2 ||    21
       Metabolic Englaci |       |       |       |       |     2 |       |       |       |       ||     2
       Summon Horrible T |       |       |       |       |       |       |     1 |     3 |     1 ||     5
       Ozocubu's Refrige |       |       |       |       |       |       |       |     1 |       ||     1
Armor: Leather armour    |       |       |       |       |       |       |       |       |     2 ||     2
Dodge: Dodged            |       |       |       |       |       |     1 |     1 |     1 |     8 ||    11

Table legend: (Time is in decaauts)
 A = Elapsed time spent in this place.
 B = Non-inter-level travel time spent in this place.
 C = Inter-level travel time spent in this place.
 D = Time resting spent in this place.
 E = Time spent auto-exploring this place.
 F = Levels seen in this place.
 G = Mean time per level.
                   A        B        C        D        E       F      G
               +--------+--------+--------+--------+--------+-----+--------+
         Total |     62 |     62 |      0 |      0 |      0 |   1 |   62.0 |
       Dungeon |     62 |     62 |      0 |      0 |      0 |   1 |   62.0 |
               +--------+--------+--------+--------+--------+-----+--------+

Top non-repeatable levels by time:
       D: 62 daAuts
